 Dungeon Sprint DCSS version 0.30-a0-122-g2a1322497e (webtiles) character file.

Game seed: 636950297500746837

1799 snetch the Fighter (level 8, -2/132 HPs)
             Began as a Minotaur Berserker on Sept 16, 2022.
             Was a High Priest of Trog.
             Killed by divine providence
             ... invoked by a meliai
              (9 damage)
             ... in the Dungeon (Sprint IX: "|||||||||||||||||||||||||||||").
             The game lasted 00:02:27 (523 turns).

snetch the Fighter (Minotaur Berserker)              Turns: 523, Time: 00:02:28

Health: -2/132     AC: 20    Str: 26    XL:     8   Next: 83%
Magic:  7/7        EV: 12    Int:  4    God:    Trog [*****.]
Gold:   0          SH:  0    Dex: 14    Spells: 7/7 levels left

rFire   . . .      SeeInvis .    c - +2 morningstar (protect)
rCold   . . .      Faith    .    (no shield)
rNeg    . . .      Spirit   .    t - +1 chain mail {rPois}
rPois   +          Reflect  .    (helmet restricted)
rElec   .          Harm     .    (no cloak)
rCorr   .          Rampage  .    r - +0 pair of gloves
Will    ++...      NoTele   +    (no boots)
Stlth   ..........               (no amulet)
HPRegen 1.32/turn                u - +3 ring of strength
MPRegen 0.10/turn                v - +3 ring of dexterity

@: berserking, strong-willed, under a protective aura, regenerating, very quick
A: horns 2, retaliatory headbutt
a: Renounce Religion, Berserk, Trog's Hand, Brothers in Arms


You were in the Dungeon.
You worshipped Trog.
Trog was extremely pleased with you.
You visited 1 branch

Inventory:

Hand Weapons
 a - a +1 broad axe of freezing
 b - a +2 halberd of venom
 c - a +2 morningstar of protection (weapon)
 d - a +4 quarterstaff of speed
 e - a +2 rapier of draining
 f - a +2 scimitar of flaming
 g - a +6 spear of venom
Armour
 r - a +0 pair of gloves (worn)
 t - a +1 chain mail of poison resistance (worn)
Jewellery
 u - a +3 ring of strength (left hand)
 v - a +3 ring of dexterity (right hand)
Wands
 k - a wand of iceblast (9)
Scrolls
 h - 2 scrolls of blinking
Potions
 i - a potion of invisibility
 n - 5 potions of curing
 o - a potion of haste
 p - 2 potions of heal wounds
 q - 4 potions of magic


   Skills:
 + Level 13.8 Fighting
 + Level 13.7 Long Blades
 + Level 7.7 Maces & Flails
 + Level 8.9 Armour
 + Level 8.1 Dodging


You had 7 spell levels left.
You didn't know any spells.
Your spell library was empty.

Dungeon Overview and Level Annotations

Branches:
Dungeon (1/1)

Altars:
Cheibriados
Dithmenos
Elyvilon
Fedhas
Gozag
Hepliaklqana
Kikubaaqudgha
Makhleb
Nemelex Xobeh
Okawaru
Qazlal
Ru
Sif Muna
Trog
Uskayaw
Vehumet
Wu Jian
Xom
Yredelemnul
Zin
The Shining One
Jiyva
Lugonu


Innate Abilities, Weirdness & Mutations

You have a pair of horns on your head.
You reflexively headbutt those who attack you in melee.


Message History

Your Dodging skill increases to level 8!
Unknown command.
Your +2 scimitar of flaming stops flaming.
Your +2 morningstar of protection hums with potential!
c - a +2 morningstar of protection (weapon)
You bludgeon the acid dragon!!
Your weapon exudes an aura of protection.
You kill the acid dragon!
Trog accepts your kill.
Unknown command.
You barely miss the tengu warrior. You headbutt the tengu warrior.
Your punch misses the tengu warrior.
The tengu warrior is lightly wounded.
The tengu warrior completely misses you.
The tengu warrior pecks you but does no damage.
The tengu warrior misses you.
You sock the tengu warrior!
The tengu warrior is moderately wounded.
The meliai invokes the aid of its god against you.
Something smites you!
The tengu warrior hits you with a +0 battleaxe!
* * * LOW HITPOINT WARNING * * *
The tengu warrior pecks you but does no damage.
The tengu warrior claws you.
* * * LOW HITPOINT WARNING * * *
The tengu warrior hits you but does no damage.
The tengu warrior pecks you.
* * * LOW HITPOINT WARNING * * *
The tengu warrior claws you but does no damage.
Your skin crawls.
You feel strong-willed.
The tengu warrior hits you with a +0 battleaxe!
* * * LOW HITPOINT WARNING * * *
The tengu warrior pecks you but does no damage.
The tengu warrior claws you but does no damage.
A red film seems to cover your vision as you go berserk!
You feel yourself moving faster!
You feel mighty!
The meliai calls down the wrath of its god upon you.
Something smites you!
You die... ▓▓▓▓▓▓▓▓▓▓▓▓▓▓▓▓▓▓▓▓▓▓▓▓ '[[)?!....)).[..@QH9y... ▓▓▓▓▓▓▓▓▓▓▓▓▓▓▓▓▓▓▓▓▓▓▓▓

You could see a tengu warrior, a manticore, a gargoyle and a meliai.

Vanquished Creatures
  A hydra (D)
  A two-headed ogre (D)
  A troll (D)
  2 acid dragons (D)
  A gnoll sergeant (D)
  A wight (D)
  An orc wizard (D)
  A gnoll (D)
  An adder (D)
  A shadow imp (D)
  A white imp (D)
  A ball python (D)
  An endoplasm (D)
  A goblin (D)
  A quokka (D)
  A bat (D)
  A rat (D)
18 creatures vanquished.

Notes
Turn   | Place    | Note
-------+----------+-------------------------------------------
     0 | D        | snetch the Minotaur Berserker began the quest for the Orb.
     0 | D        | Reached XP level 1. HP: 19/19 MP: 0/0
     7 | D        | Reached ** piety under Trog
    56 | D        | Reached *** piety under Trog
    57 | D        | Reached skill level 5 in Fighting
    57 | D        | Reached skill level 5 in Long Blades
    57 | D        | Reached XP level 2. HP: 14/29 MP: 1/1
    59 | D        | Reached XP level 3. HP: 19/37 MP: 2/2
    68 | D        | Found a snail-covered altar of Cheibriados.
    68 | D        | Found a shadowy altar of Dithmenos.
    68 | D        | Found a white marble altar of Elyvilon.
    68 | D        | Found a blossoming altar of Fedhas.
    68 | D        | Found an opulent altar of Gozag.
    69 | D        | Found a hazy altar of Hepliaklqana.
    70 | D        | Found a viscous altar of Jiyva.
    71 | D        | Found an ancient bone altar of Kikubaaqudgha.
    72 | D        | Found a corrupted altar of Lugonu.
    73 | D        | Found a burning altar of Makhleb.
    74 | D        | Found a sparkling altar of Nemelex Xobeh.
    75 | D        | Found an iron altar of Okawaru.
    76 | D        | Found a stormy altar of Qazlal.
    77 | D        | Found a sacrificial altar of Ru.
    78 | D        | Found a shimmering blue altar of Sif Muna.
    79 | D        | Found a bloodstained altar of Trog.
    80 | D        | Found a hide-covered altar of Uskayaw.
    81 | D        | Found a radiant altar of Vehumet.
    82 | D        | Found an ornate altar of the Wu Jian Council.
    83 | D        | Found a shimmering altar of Xom.
    84 | D        | Found a basalt altar of Yredelemnul.
    85 | D        | Found a glowing silver altar of Zin.
    86 | D        | Found a glowing golden altar of the Shining One.
   273 | D        | Noticed an acid dragon
   273 | D        | Noticed a two-headed ogre
   273 | D        | Noticed a wight
   273 | D        | Noticed a gnoll sergeant
   273 | D        | Noticed a troll
   281 | D        | Reached **** piety under Trog
   284 | D        | Killed an acid dragon
   285 | D        | Reached skill level 1 in Maces & Flails
   285 | D        | Reached XP level 4. HP: 49/49 MP: 3/3
   285 | D        | Reached XP level 5. HP: 56/56 MP: 4/4
   288 | D        | Killed a two-headed ogre
   289 | D        | Reached skill level 5 in Maces & Flails
   289 | D        | Reached XP level 6. HP: 70/70 MP: 5/5
   289 | D        | Reached XP level 7. HP: 75/75 MP: 6/6
   297 | D        | Reached ***** piety under Trog
   306 | D        | Killed a troll
   307 | D        | Reached XP level 8. HP: 5/85 MP: 7/7
   510 | D        | Noticed a five-headed hydra
   510 | D        | Noticed a tengu warrior
   510 | D        | Noticed a manticore
   510 | D        | Noticed a gargoyle
   510 | D        | Noticed a meliai
   517 | D        | Killed a two-headed hydra
   522 | D        | HP: 4/88 [tengu warrior/+0 battleaxe (11)]
   523 | D        | Killed from afar by a meliai

Illustrated notes

Levels and vault maps discovered:
D:        linesprint [early_d, line_temple, items_1, d_10, items_2, lair_1,
          lair_end, items_3, orc_1, orc_end, items_4, d_15, swamp_1, shoals_1,
          snake_1, spider_1, d_20, vaults_1, items_5, swamp_end, shoals_end,
          snake_end, spider_end, vaults_end, d_27, items_6, zot_1, zot_end,
          crypt_end, forest_end, elf_end, slime_end, tomb_end, abyss_end,
          pan_hell_end]

Skill      XL: |  1  2  3  4  5  6  7  8 |
---------------+-------------------------+-----
Long Blades    | 5 8 12 13 | 13.7
Fighting       | 5 6 8 11 12 13 | 13.8
Armour         | 3 4 6 7 8 |  8.9
Dodging        | 3 4 6 7 8 |  8.1
Maces & Flails | 1 5 6 7 |  7.7

Action                   |  1- 3 |  4- 6 |  7- 9 || total
-------------------------+-------+-------+-------++-------
Melee: Falchion          |    15 |       |       ||    15
       Headbutt          |     5 |       |     9 ||    14
       Morningstar       |     8 |     4 |    17 ||    29
       Scimitar          |       |       |     5 ||     5
Invok: Berserk           |     2 |       |     1 ||     3
       Trog's Hand       |     1 |       |     2 ||     3
Evoke: Wand              |       |       |     1 ||     1
  Use: Potion            |       |       |     1 ||     1
Armor: Animal skin       |     1 |       |       ||     1
       Chain mail        |     6 |     1 |    23 ||    30
Dodge: Dodged            |    14 |     2 |    33 ||    49

Table legend: (Time is in decaauts)
 A = Elapsed time spent in this place.
 B = Non-inter-level travel time spent in this place.
 C = Inter-level travel time spent in this place.
 D = Time resting spent in this place.
 E = Time spent auto-exploring this place.
 F = Levels seen in this place.
 G = Mean time per level.
                   A        B        C        D        E       F      G
               +--------+--------+--------+--------+--------+-----+--------+
         Total |    544 |    544 |      0 |      0 |    342 |   1 |  544.0 |
       Dungeon |    544 |    544 |      0 |      0 |    342 |   1 |  544.0 |
               +--------+--------+--------+--------+--------+-----+--------+

Top non-repeatable levels by time:
       D: 544 daAuts
